[Event "*** SCC Grand Prix: Titled Tuesday Blitz"]
[Site "Chess.com"]
[Date "2020.07.07"]
[Round "3"]
[White "Lucas_Tomiello"]
[Black "tapu2"]
[Result "1/2-1/2"]
[WhiteElo "2428"]
[BlackElo "2661"]
[TimeControl "180+1"]
[EndTime "10:27:55 PDT"]
[Termination "Game drawn by agreement"]

1. e4 c6 2. d4 d5 3. e5 Bf5 4.
Nf3 e6 5. Be2 c5 6. O-O Nc6 7.
Be3 cxd4 8. Nxd4 Nge7 9. f4 Nxd4 10. Bxd4 Nc6 11. Bf2 Be7 12. Nd2 h6 13. Nb3 O-O 14.
c3 Bh7 15. Kh1 Qc7 16. Bf3 f6 17. exf6 Rxf6 18. g3 Raf8 19. Qe2 g5 20. Nd4 Qd7 21. fxg5 hxg5 22. Bg4 Be4+ 23. Kg1 Ne5 24. Be3 Rxf1+ 25. Rxf1 Rxf1+ 26. Kxf1 Nxg4 27. Qxg4 Bf5 1/2-1/2

[Event "*** SCC Grand Prix: Titled Tuesday Blitz"]
[Site "Chess.com"]
[Date "2020.07.07"]
[Round "3"]
[White "Mikhail_Golubev"]
[Black "NiranjanNavalgund"]
[Result "1-0"]
[WhiteElo "2605"]
[BlackElo "2404"]
[TimeControl "180+1"]
[EndTime "10:27:56 PDT"]
[Termination "Mikhail_Golubev won by resignation"]

1. e4 c5 2. Nf3 Nc6 3. Nc3 g6 4. d4 cxd4 5. Nxd4 Bg7 6. Be3 Nf6 7. Nxc6 bxc6 8. e5 Ng8 9. Bd4 Qa5 10. f4 f6 11. Qd2 fxe5 12. fxe5 Nh6 13. e6 Bxd4 14.
Qxd4 Rf8 15. exd7+ Bxd7 16. O-O-O O-O-O 17. Be2 Nf5 18. Qe4 Nd6 19. Qxe7 Nb7 20. Rxd7 Rxd7 21.
Qxf8+ Nd8 22. Rd1 Qg5+ 23. Kb1 Rxd1+ 24. Nxd1 Qxg2 25. Ba6+ Kc7 26. Qe7+ Kb6 27. Bd3 Nb7 28.
h4 Qd2 29. Qe3+ Qxe3 30. Nxe3 Kc5 31. c3 Kd6 32. Kc2 Ke5 33. Ng4+ Kf4 34. Nf6 Kg3 35. Nxh7 Kxh4 36. Bxg6 Kg4 37. Be4 Nd8 38. Kd3 Kf4 39. Nf6 Ne6 40. Bxc6 Ke5 41. Ne4 Nf4+ 42. Kc4 Ng2 43.
b4 Ne3+ 44. Kc5 Nc2 1-0

[Event "*** SCC Grand Prix: Titled Tuesday Blitz"]
[Site "Chess.com"]
[Date "2020.07.07"]
[Round "3"]
[White "mr65"]
[Black "Karacsonyi_Gellert"]
[Result "0-1"]
[WhiteElo "2091"]
[BlackElo "2471"]
[TimeControl "180+1"]
[EndTime "10:27:56 PDT"]
[Termination "Karacsonyi_Gellert won on time"]

1. e4 c5 2. d4 cxd4 3. c3 Nf6 4. e5 Nd5 5. Bc4 Nb6 6. Bb3 e6 7. Nf3 d6 8. exd6 Bxd6 9. cxd4 O-O 10. O-O N8d7 11.
Nc3 Nf6 12. Bg5 h6 13. Bh4 Bd7 14. Rc1 Rc8 15. Ne5 Bc6 16. Nxc6 Rxc6 17. Ne4 Rxc1 18. Qxc1 Be7 19. Nxf6+ Bxf6 20. Bxf6 Qxf6 21. Qe3 Rd8 22. Rd1 Nd5 23. Qe4 Qg5 24. g3 b6 25. h4 Qe7 26.
a3 Nf6 27. Qf4 Qd6 28. Qxd6 Rxd6 29. Kf1 Kf8 30. Ke2 Ke7 31. f4 Ne4 32. Kf3 Nf6 33. Ba4 Rd8 34. Ke3 Rc8 35. Rd2 Kd6 36. Rc2 Rxc2 37. Bxc2 Nd5+ 38. Ke4 Ne7 39. b4 Nf5 40. g4 Nxh4 41. g5 h5 42. Ke3 g6 43.
Ba4 Nf5+ 44. Ke4 h4 45. Bd1 h3 46. Bf3 h2 0-1

[Event "*** SCC Grand Prix: Titled Tuesday Blitz"]
[Site "Chess.com"]
[Date "2020.07.07"]
[Round "3"]
[White "CzechmVIII"]
[Black "Agnes66678"]
[Result "0-1"]
[WhiteElo "2192"]
[BlackElo "2452"]
[TimeControl "180+1"]
[EndTime "10:27:57 PDT"]
[Termination "Agnes66678 won by resignation"]

1. e4 e5 2. Nf3 Nf6 3. Nxe5 Nxe4 4. Qe2 Qe7 5. Qxe4 d6 6. d4 dxe5 7. dxe5 Nc6 8. Nc3 Qxe5 9. Qxe5+ Nxe5 10. Bf4 Bd6 11. Bg3 Bd7 12. Nb5 Bxb5 13. Bxb5+ c6 14. Be2 O-O-O 15. O-O-O f6 16. Rhe1 Rhe8 17. f3 Kc7 18.
Bf2 b6 19. Bf1 Ng6 20. g3 h5 21. f4 h4 22. Bd3 Ne7 23. c4 hxg3 24. hxg3 Rh8 25.
Rh1 Rxh1 26. Rxh1 Bxf4+ 27. gxf4 Rxd3 28. c5 Rf3 29. cxb6+ axb6 30. Be1 Nf5 31. Bd2 Kd6 32. Rh8 Nd4 33. b3 Rf1+ 34. Kb2 Rf2 35. Rd8+ Kc5 36. Kc3 Ne2+ 37. Kd3 Nxf4+ 38. Ke4 Nd5 39. Be3+ Nxe3 40.
Kxe3 Rxa2 41. Rd7 Rg2 42. Kd3 Rg3+ 43. Kc2 f5 44. Rf7 g6 45. Rf6 Rg4 46. Kc3 f4 0-1

[Event "*** SCC Grand Prix: Titled Tuesday Blitz"]
[Site "Chess.com"]
[Date "2020.07.07"]
[Round "3"]
[White "Shivagami"]
[Black "FMVolodymyrSakun"]
[Result "0-1"]
[WhiteElo "2197"]
[BlackElo "2506"]
[TimeControl "180+1"]
[EndTime "10:27:58 PDT"]
[Termination "FMVolodymyrSakun won by checkmate"]

1. d4 Nf6 2. c4 e6 3. Nc3 Bb4 4. f3 d5 5. cxd5 exd5 6. e3 c5 7. a3 Bxc3+ 8. bxc3 Nc6 9. Bd3 O-O 10. Ne2 Re8 11. O-O b6 12. Ng3 h5 13. Nf5 Ne7 14.
Nxe7+ Qxe7 15. Re1 Bb7 16. Bb2 Qd6 17. c4 Rad8 18.
cxd5 Nxd5 19. e4 Nf4 20. e5 Qh6 21. Bb1 Qg5 22. Qc2 Bxf3 23. Qh7+ Kf8 24. g3 Nh3+ 25. Kf1 Qd2 26. Qc2 Bg2# 0-1

[Event "*** SCC Grand Prix: Titled Tuesday Blitz"]
[Site "Chess.com"]
[Date "2020.07.07"]
[Round "3"]
[White "Hikaru"]
[Black "VovenRogel"]
[Result "1/2-1/2"]
[WhiteElo "3214"]
[BlackElo "2707"]
[TimeControl "180+1"]
[EndTime "10:28:00 PDT"]
[Termination "Game drawn by repetition"]

1. Nf3 d5 2. b3 Nf6 3. Bb2 g6 4.
e3 Bg7 5. c4 c6 6. d4 O-O 7. Bd3 Ne4 8. Nc3 Nxc3 9. Bxc3 c5 10. Rc1 cxd4 11. Nxd4 e5 12. Ne2 d4 13. exd4 exd4 14.
Bb2 Nc6 15. O-O Re8 16. Qd2 Qh4 17. Rce1 Bh6 18. f4 Bg7 19. b4 a5 20. b5 Nb4 21.
Bxd4 Bxd4+ 22. Nxd4 Rd8 23. a3 Qf6 24. Bb1 Rxd4 25.
Re8+ Kg7 26. Qc3 b6 27. axb4 axb4 28. Qxb4 Rd6 29. c5 bxc5 30. Qxc5 Bb7 31. Rxa8 Bxa8 32. Qe5 Rd2 33. Qxf6+ Kxf6 34. Rf2 Rd1+ 35. Rf1 Rd2 36. Rf2 Rd1+ 37. Rf1 Rd2 1/2-1/2

[Event "*** SCC Grand Prix: Titled Tuesday Blitz"]
[Site "Chess.com"]
[Date "2020.07.07"]
[Round "3"]
[White "MashaFromRussia"]
[Black "Kezin_Roman"]
[Result "0-1"]
[WhiteElo "2432"]
[BlackElo "2742"]
[TimeControl "180+1"]
[EndTime "10:28:00 PDT"]
[Termination "Kezin_Roman won by resignation"]

1. d4 d5 2. c4 e6 3. Nf3 Nf6 4. g3 Be7 5. Bg2 O-O 6. O-O dxc4 7. Ne5 c5 8. dxc5 Qc7 9. Nxc4 Rd8 10. Nbd2 Qxc5 11. a3 Nc6 12. b4 Qh5 13. e3 Qh6 14. Bb2 Bd7 15. Qe2 b5 16. Ne5 Nxe5 17. Bxe5 Rac8 18.
h4 Bc6 19. Bf4 Qg6 20. e4 a6 21. Rfd1 Rd7 22. Rac1 Rdd8 23. f3 h6 24. Nb3 Nh5 25.
Rxd8+ Bxd8 26. Na5 Nxf4 27. gxf4 Bb6+ 28. Kh2 Bd7 29.
Rxc8+ Bxc8 30. Qc2 Bd7 31. Qd3 Qf6 32. Kh3 Bf2 0-1

[Event "*** SCC Grand Prix: Titled Tuesday Blitz"]
[Site "Chess.com"]
[Date "2020.07.07"]
[Round "3"]
[White "platy3"]
[Black "Roman_Ovetchkin"]
[Result "1-0"]
[WhiteElo "2798"]
[BlackElo "2578"]
[TimeControl "180+1"]
[EndTime "10:28:02 PDT"]
[Termination "platy3 won by resignation"]

1. e4 c6 2. Nf3 d5 3. d3 Bg4 4. h3 Bh5 5. Qe2 e6 6. g4 Bg6 7.
h4 dxe4 8. dxe4 h5 9. g5 Na6 10. Nc3 Bb4 11. Bd2 Qc7 12. a3 Bd6 13. O-O-O Ne7 14.
Be3 Bf4 15. Qd2 Bxe3 16. Qxe3 Qa5 17. Bxa6 Qxa6 18. Qc5 Qb6 19. Qxb6 axb6 20. Ne5 f6 21. gxf6 gxf6 22. Nd7 Kf7 23. Nxb6 Rad8 24. a4 e5 25. a5 Ke6 26. Nba4 Kf7 27. Nc5 Rb8 28. N3a4 Rhd8 29. Rxd8 Rxd8 30. Nxb7 Ra8 31. Nac5 f5 32.
f3 fxe4 33. fxe4 Nc8 34. Rd1 1-0

[Event "*** SCC Grand Prix: Titled Tuesday Blitz"]
[Site "Chess.com"]
[Date "2020.07.07"]
[Round "3"]
[White "ichangedmyname_yup"]
[Black "JiiHart"]
[Result "1-0"]
[WhiteElo "2385"]
[BlackElo "2135"]
[TimeControl "180+1"]
[EndTime "10:28:03 PDT"]
[Termination "ichangedmyname_yup won on time"]

1. e4 c5 2. Nf3 Nc6 3. d4 cxd4 4.
Nxd4 Nf6 5. Nc3 d6 6. Bg5 e6 7. Qd2 a6 8. O-O-O Bd7 9. Kb1 h6 10. Bh4 Be7 11. f3 b5 12. g4 b4 13. Nce2 Nxe4 14.
fxe4 Bxh4 15. Nxc6 Bxc6 16. Qxb4 Be7 17. Bg2 Rb8 18. Qc3 Qb6 19. Qxg7 Rf8 20. Qd4 Qa5 21. Rhf1 Rb4 22. Qd2 Qb5 23. c3 Ra4 24. Nd4 Qb7 25.
Nxc6 Qxc6 26. e5 d5 27. b3 Rxg4 28. c4 Rfg8 29. Bf3 R4g5 30. cxd5 exd5 31. Bxd5 1-0

[Event "*** SCC Grand Prix: Titled Tuesday Blitz"]
[Site "Chess.com"]
[Date "2020.07.07"]
[Round "3"]
[White "ElCoachRene"]
[Black "JozefKneht"]
[Result "0-1"]
[WhiteElo "2239"]
[BlackElo "2444"]
[TimeControl "180+1"]
[EndTime "10:28:04 PDT"]
[Termination "JozefKneht won by checkmate"]

1. d4 d5 2. Bf4 Nf6 3. e3 c5 4.
c3 Nc6 5. Nd2 Qb6 6. Qb3 cxd4 7.
exd4 Bf5 8. Ngf3 e6 9. Qxb6 axb6 10. Be2 Be7 11. O-O h6 12. a3 O-O 13. Rfe1 Rfc8 14. h3 Na5 15. Ne5 Bd6 16. Bb5 Ne4 17. Nxe4 Bxe4 18.
f3 Bh7 19. Bh2 Nb3 20. Ra2 Ra5 21. Bd3 Bxe5 22. Bxh7+ Kxh7 23. Bxe5 b5 24. Bd6 Ra6 25. Bb4 g5 26. g4 Kg6 27. Kf2 h5 28. Ke2 hxg4 29. hxg4 Rh8 30. Rb1 Rh2+ 31. Ke3 f5 32. Kd3 Rd2+ 33. Ke3 f4# 0-1

[Event "*** SCC Grand Prix: Titled Tuesday Blitz"]
[Site "Chess.com"]
[Date "2020.07.07"]
[Round "3"]
[White "manitodeplomo"]
[Black "totoro9"]
[Result "1-0"]
[WhiteElo "2527"]
[BlackElo "2310"]
[TimeControl "180+1"]
[EndTime "10:28:05 PDT"]
[Termination "manitodeplomo won on time"]

1. d4 Nf6 2. c4 g6 3. Nc3 Bg7 4. e4 d6 5. Be2 O-O 6. Nf3 e5 7. d5 Na6 8. Bg5 h6 9. Bh4 g5 10. Bg3 Nc5 11. Nd2 a5 12. O-O Kh7 13. b3 Kg6 14. a3 h5 15. f3 h4 16. Bf2 Bd7 17. Qc2 b6 18. b4 Na6 19. Rab1 axb4 20.
axb4 Rh8 21. Rb2 g4 22. Rfb1 g3 23. hxg3 hxg3 24. Bxg3 Nh5 25. Bf2 Nf4 26. g3 Qg5 27. Nf1 Qh5 28. Be3 Qh1+ 29. Kf2 Qg2+ 30. Ke1 Nxe2 31.
Qxe2 Qxe2+ 32. Kxe2 Rh1 33. Ra2 1-0

[Event "*** SCC Grand Prix: Titled Tuesday Blitz"]
[Site "Chess.com"]
[Date "2020.07.07"]
[Round "3"]
[White "RaunakSadhwani2005"]
[Black "temus_galaktionov"]
[Result "1-0"]
[WhiteElo "2925"]
[BlackElo "2654"]
[TimeControl "180+1"]
[EndTime "10:28:06 PDT"]
[Termination "RaunakSadhwani2005 won by checkmate"]

1. d4 c6 2. Nf3 d6 3. c4 g6 4. Nc3 Bg7 5. g3 Nd7 6. Bg2 Ngf6 7. O-O O-O 8. b3 Re8 9. Bb2 e5 10. Re1 Qc7 11. d5 c5 12. Nd2 Rf8 13. a4 Ne8 14. e4 Qd8 15. a5 f5 16. exf5 gxf5 17. a6 b6 18. Nb5 Nb8 19. f4 e4 20. Bxg7 Kxg7 21. b4 Nxa6 22. bxc5 dxc5 23. Rxa6 Bxa6 24. Qa1+ Qf6 25. Qxa6 Rf7 26. Nf1 Nd6 27. Nxd6 Qxd6 28. Ne3 Raf8 29. Qa1+ Kg8 30. Qe5 Qg6 31. d6 Rd8 32. Rd1 Qf6 33. Bh3 Qh6 34. Bxf5 Qh5 35. Be6 Qe2 36. Qg5+ Kf8 37. Qxd8+ Kg7 38. Qg5+ Kf8 39. f5 Rg7 40. Qd8# 1-0

[Event "*** SCC Grand Prix: Titled Tuesday Blitz"]
[Site "Chess.com"]
[Date "2020.07.07"]
[Round "3"]
[White "sertalzin"]
[Black "Korona_91"]
[Result "0-1"]
[WhiteElo "2024"]
[BlackElo "2467"]
[TimeControl "180+1"]
[EndTime "10:28:06 PDT"]
[Termination "Korona_91 won on time"]

1. d4 d6 2. c4 g6 3. Nc3 Bg7 4. e4 e5 5. d5 f5 6. exf5 Bxf5 7. Bd3 Ne7 8. Nge2 O-O 9. Ng3 Bxd3 10. Qxd3 Nd7 11. O-O a5 12. Be3 Nf5 13. Nxf5 gxf5 14. f3 Kh8 15. Rab1 b6 16. b3 Qf6 17. Rbc1 Rg8 18.
Qd2 Nc5 19. Kh1 Raf8 20. f4 e4 21. Nb5 Rf7 22. Nd4 Qg6 23. Rg1 Nd3 24. Rcf1 Bf6 25. Ne6 Nc5 26. Nxc5 bxc5 27. g3 Qg7 28. Qf2 Bd4 29.
Rd1 Bf6 30. Rgf1 Qh6 31. Rg1 Rfg7 0-1

[Event "*** SCC Grand Prix: Titled Tuesday Blitz"]
[Site "Chess.com"]
[Date "2020.07.07"]
[Round "3"]
[White "ahachess"]
[Black "PauloFanha"]
[Result "1/2-1/2"]
[WhiteElo "2279"]
[BlackElo "1992"]
[TimeControl "180+1"]
[EndTime "10:28:06 PDT"]
[Termination "Game drawn by repetition"]

1. d4 d5 2. c4 e6 3. Nf3 c6 4.
Qc2 Nf6 5. g3 Bb4+ 6. Bd2 Be7 7.
Bg2 O-O 8. O-O Ne4 9. Bf4 Nd7 10. Nbd2 Ndf6 11. Rad1 Bd6 12. Bxd6 Nxd6 13. c5 Nde4 14.
Ne5 Nxd2 15. Rxd2 Nd7 16. Nxd7 Bxd7 17. e4 dxe4 18. Bxe4 h6 19. f4 Qf6 20. Qc3 Rfd8 21. Bb1 Be8 22. Qd3 g6 23. Qe3 Rd5 24. Be4 Rd7 25.
Bg2 Rad8 26. Rfd1 Qg7 27. b4 a6 28. a4 Qf6 29. Kf2 Qf5 30. Be4 Qf6 31. Bf3 Qf5 32.
Qe5 Qxe5 33. fxe5 Ra8 34. Rb2 Kg7 35. Ke3 Re7 36. h4 Rc7 37. Be4 Re7 38. Kf4 Rc7 39.
Ke3 Re7 40. Bd3 Rc7 41. Bc4 Re7 42. Rf2 Rc7 43. g4 Re7 44. g5 h5 45. Rf6 Rc7 46. Rf2 Re7 47. Rb1 Ra7 48. Rfb2 Ra8 49. Ke4 Ra7 50. b5 axb5 51. axb5 Ra4 52. Bd3 Ra3 53.
Rb3 Ra2 54. R1b2 Ra1 55. Rb1 Ra2 56. R3b2 Ra3 57. Rb3 Ra2 1/2-1/2

[Event "*** SCC Grand Prix: Titled Tuesday Blitz"]
[Site "Chess.com"]
[Date "2020.07.07"]
[Round "3"]
[White "Savva09022009"]
[Black "eljanov"]
[Result "0-1"]
[WhiteElo "2454"]
[BlackElo "2873"]
[TimeControl "180+1"]
[EndTime "10:28:09 PDT"]
[Termination "eljanov won by resignation"]

1. d4 Nf6 2. Nc3 d5 3. Bf4 e6 4. e3 a6 5. Nf3 c5 6. dxc5 Bxc5 7. Bd3 Nc6 8. O-O Qe7 9. e4 d4 10. Ne2 e5 11. Bg5 h6 12. Bh4 Bg4 13. Nd2 g5 14.
Bg3 h5 15. h3 Be6 16. f3 O-O-O 17. a3 g4 18. hxg4 hxg4 19. f4 Nh5 20. f5 Bd7 21.
b4 Ba7 22. b5 axb5 23. Bxb5 Qg5 24. Nc4 Nxg3 25. Nxg3 d3+ 26. Rf2 Bxf2+ 27. Kxf2 Qf4+ 28. Kg1 Qxg3 29. Qb1 Rh2 0-1

[Event "*** SCC Grand Prix: Titled Tuesday Blitz"]
[Site "Chess.com"]
[Date "2020.07.07"]
[Round "3"]
[White "larisakalinina"]
[Black "Varshi_chess"]
[Result "0-1"]
[WhiteElo "1929"]
[BlackElo "2264"]
[TimeControl "180+1"]
[EndTime "10:28:09 PDT"]
[Termination "Varshi_chess won by checkmate"]

1. e4 c5 2. Nf3 d6 3. d4 cxd4 4. Nxd4 Nf6 5. Nc3 a6 6. f4 e6 7. Nf3 Qc7 8. Bd3 Be7 9. O-O b5 10. a3 Bb7 11. Qe1 Nbd7 12. Bd2 Nc5 13. e5 dxe5 14.
Nxe5 O-O 15. Be2 Rfd8 16. Bf3 Rac8 17. Bxb7 Qxb7 18. Be3 Nce4 19. Nxe4 Nxe4 20. c3 Bf6 21. Bd4 Nd6 22. Nf3 Bxd4+ 23. Nxd4 Nc4 24. b3 Nd6 25. f5 exf5 26. Nxf5 Nxf5 27. Rxf5 Re8 28.
Qg3 Re6 29. Raf1 Rf8 30. Rg5 f6 31. Rg4 Qf7 32. Rd4 Rfe8 33. Rfd1 Re3 34. Qd6 Qxb3 35. Qxa6 Qxc3 36. Qd6 Re1+ 37. Kf2 Qe3# 0-1

[Event "*** SCC Grand Prix: Titled Tuesday Blitz"]
[Site "Chess.com"]
[Date "2020.07.07"]
[Round "3"]
[White "Karateloru"]
[Black "rasmussvane"]
[Result "1-0"]
[WhiteElo "2656"]
[BlackElo "2867"]
[TimeControl "180+1"]
[EndTime "10:28:10 PDT"]
[Termination "Karateloru won on time"]

1. e4 c6 2. d4 d5 3. Nc3 dxe4 4. Nxe4 Nf6 5. Nxf6+ exf6 6. Bc4 Bd6 7. Qe2+ Be7 8.
Nf3 O-O 9. O-O Bd6 10. h3 Re8 11. Be3 Nd7 12. c3 Nf8 13. Rfe1 Ng6 14. Qd2 Bf5 15. Bd3 Be6 16. Rad1 Qd7 17. Bf1 Bxa2 18.
c4 Bb3 19. Rc1 a5 20. Qd3 a4 21. Nd2 Bb4 22. Nxb3 axb3 23. Red1 f5 24. Qxb3 Bd6 25. c5 Bf4 26. d5 Bxe3 27. fxe3 cxd5 28. Bb5 Qe7 29. Bxe8 Rxe8 30. Rxd5 Qg5 31. Rd7 Rf8 32. Rf1 Nh4 33. Rf2 Qg3 34. Rxb7 h5 35. c6 Kh7 36. e4 Qg5 37. c7 Ra8 38. Qd1 Qe3 39. Rb8 1-0

[Event "*** SCC Grand Prix: Titled Tuesday Blitz"]
[Site "Chess.com"]
[Date "2020.07.07"]
[Round "3"]
[White "zmeeed67"]
[Black "WIDBIFS"]
[Result "0-1"]
[WhiteElo "2442"]
[BlackElo "2799"]
[TimeControl "180+1"]
[EndTime "10:28:10 PDT"]
[Termination "WIDBIFS won on time"]

1. d4 Nf6 2. c4 g6 3. Nc3 Bg7 4. Nf3 O-O 5. Bg5 c5 6. e3 cxd4 7. exd4 d5 8. Bxf6 Bxf6 9. cxd5 Bg4 10. Bc4 Nd7 11. O-O Nb6 12. Bb3 Nc8 13. Ne4 Nd6 14.
Nxf6+ exf6 15. h3 Bxf3 16. Qxf3 Kg7 17. Rfe1 Qb6 18. Qf4 a5 19. Ba4 Nf5 20. g4 Nd6 21. Re2 Rad8 22. Rc1 Qb4 23. Bb3 a4 24. Bd1 Rc8 25.
Rec2 Rxc2 26. Bxc2 Qxb2 27. Bxa4 b5 28. Bb3 Re8 29.
Rd1 Qa3 30. Qd2 Ne4 31. Qd3 Qd6 32. Re1 Nxf2 33. Kxf2 Qh2+ 0-1

[Event "*** SCC Grand Prix: Titled Tuesday Blitz"]
[Site "Chess.com"]
[Date "2020.07.07"]
[Round "3"]
[White "SARGISMV"]
[Black "IngOscarArdila"]
[Result "1-0"]
[WhiteElo "2481"]
[BlackElo "2174"]
[TimeControl "180+1"]
[EndTime "10:28:10 PDT"]
[Termination "SARGISMV won by resignation"]

1. Nf3 Nf6 2. c4 g6 3. Nc3 Bg7 4. e4 d6 5. d4 O-O 6. Be2 Nbd7 7. Be3 e5 8. O-O Ng4 9. Bg5 f6 10. Bc1 h5 11. Nh4 g5 12. Nf5 Nb6 13. Bxg4 hxg4 14.
dxe5 dxe5 15. Qxg4 Bxf5 16. Qxf5 c6 17. c5 Nc8 18. Qe6+ Kh8 19. f4 Qe7 20. Qxe7 Nxe7 21. fxg5 fxg5 22. Bxg5 Ng6 23. g3 Kg8 24. Rxf8+ Kxf8 25.
Rd1 Ke8 26. h4 Bf8 27. b4 a5 28. a3 axb4 29. axb4 Be7 30. Bxe7 Kxe7 31. h5 Nf8 32. Kg2 Ra3 33. Rd3 Ne6 34. Nd5+ cxd5 35. Rxa3 dxe4 36. Ra7 1-0

[Event "*** SCC Grand Prix: Titled Tuesday Blitz"]
[Site "Chess.com"]
[Date "2020.07.07"]
[Round "3"]
[White "Man-Chuk"]
[Black "dey2580"]
[Result "1-0"]
[WhiteElo "2861"]
[BlackElo "2574"]
[TimeControl "180+1"]
[EndTime "10:28:11 PDT"]
[Termination "Man-Chuk won by checkmate"]

1. e4 d5 2. exd5 Qxd5 3. Nc3 Qd6 4. Nf3 Nf6 5. Bc4 a6 6. a4 Nc6 7. h3 Bf5 8. d3 h6 9. O-O g5 10. Re1 Bg7 11. Bd2 Rd8 12. Ne2 g4 13. Nh4 Bc8 14. Ng3 Rg8 15. Bc3 gxh3 16. Qf3 Bg4 17. Qe3 h2+ 18. Kh1 Kf8 19. Nhf5 Qd7 20. Nxg7 Rxg7 21. Qxh6 Be6 22. Bxf6 exf6 23. Nh5 Bxc4 24. Qxg7# 1-0

[Event "*** SCC Grand Prix: Titled Tuesday Blitz"]
[Site "Chess.com"]
[Date "2020.07.07"]
[Round "3"]
[White "xberli"]
[Black "Malysch"]
[Result "1-0"]
[WhiteElo "2303"]
[BlackElo "2497"]
[TimeControl "180+1"]
[EndTime "10:28:12 PDT"]
[Termination "xberli won by resignation"]

1. e4 c5 2. Nf3 d6 3. d4 cxd4 4. Nxd4 Nf6 5. Nc3 Nc6 6. Bg5 e6 7. Qd2 Be7 8. O-O-O O-O 9. f4 Nxd4 10. Qxd4 Qa5 11.
Bc4 Bd7 12. Bb3 Bc6 13. Rhe1 Rfd8 14. f5 e5 15. Qc4 Rf8 16. Bxf6 Bxf6 17. Rxd6 Rac8 18.
Qe2 Bg5+ 19. Kb1 Rcd8 20. Red1 Qc5 21. Rxd8 Rxd8 22. Rxd8+ Bxd8 23. a3 Qg1+ 24. Ka2 Qxh2 25. Qc4 Be8 26. Qc8 Qh4 27. Nd5 h5 28. f6 gxf6 29. Qxd8 Kg7 30. Qxe8 Qxe4 31. Nc3 Qg6 32. Bd5 1-0

[Event "*** SCC Grand Prix: Titled Tuesday Blitz"]
[Site "Chess.com"]
[Date "2020.07.07"]
[Round "3"]
[White "novendrapriasmoro"]
[Black "mishanick"]
[Result "1-0"]
[WhiteElo "2648"]
[BlackElo "2850"]
[TimeControl "180+1"]
[EndTime "10:28:13 PDT"]
[Termination "novendrapriasmoro won by checkmate"]

1. e4 c5 2. Nf3 d6 3. d4 cxd4 4. Nxd4 Nf6 5. Nc3 a6 6. Bg5 e6 7. f4 Qb6 8. Qd2 Qxb2 9. Rb1 Qa3 10. e5 dxe5 11. fxe5 h6 12. Bh4 g5 13. Bf2 Ng4 14. Bg3 Bg7 15. Ne4 Nxe5 16. h4 g4 17. Be2 f5 18.
Rb3 Qe7 19. Nxf5 exf5 20. Nd6+ Kf8 21. Nxc8 Qc5 22. Rxb7 Qxc8 23. Qd6+ Kg8 24. Rxg7+ Kxg7 25. Bxe5+ Kg8 26. Qg6+ Kf8 27. Bd6# 1-0

[Event "*** SCC Grand Prix: Titled Tuesday Blitz"]
[Site "Chess.com"]
[Date "2020.07.07"]
[Round "3"]
[White "LikeWater"]
[Black "jaskol95"]
[Result "1-0"]
[WhiteElo "2660"]
[BlackElo "2387"]
[TimeControl "180+1"]
[EndTime "10:28:13 PDT"]
[Termination "LikeWater won by resignation"]

1. e4 e6 2. d4 d5 3. exd5 exd5 4.
Nf3 Bd6 5. c4 c6 6. Nc3 Ne7 7.
Bd3 Bf5 8. Bxf5 Nxf5 9. cxd5 cxd5 10. Nxd5 O-O 11. Ne3 Nc6 12. Nxf5 Qa5+ 13. Bd2 Qxf5 14. O-O Qh5 15. Be3 Rad8 16. h3 Bb8 17. Qb3 Na5 18.
Qb4 Rd6 19. Ne5 Nc6 20. Nxc6 bxc6 21. Bf4 Rdd8 22. Bxb8 Rxb8 23. Qc3 Qd5 24. b3 Rfd8 25. Rfd1 Rbc8 26. Rac1 c5 27. dxc5 Qxd1+ 28. Rxd1 Rxd1+ 29. Kh2 h5 30. h4 Rd5 31. b4 a5 32. Qc4 Rcd8 33.
c6 R5d6 34. b5 Rc8 35. Qc5 Rf6 36. Qa7 Rf4 37. g3 Rb4 38. c7 1-0

[Event "*** SCC Grand Prix: Titled Tuesday Blitz"]
[Site "Chess.com"]
[Date "2020.07.07"]
[Round "3"]
[White "Crazy_girl99"]
[Black "ValentinDragnev"]
[Result "0-1"]
[WhiteElo "2434"]
[BlackElo "2756"]
[TimeControl "180+1"]
[EndTime "10:28:13 PDT"]
[Termination "ValentinDragnev won by resignation"]

1. e4 e6 2. d4 d5 3. Nd2 c5 4. Ngf3 Nc6 5. exd5 exd5 6. Bb5 Qe7+ 7. Be2 Qc7 8. O-O Nf6 9. Re1 cxd4 10. Nb3 Be7 11.
Nbxd4 O-O 12. c3 a6 13. h3 Ne4 14. Be3 Bf6 15. Rc1 Bd7 16. Bd3 Rfe8 17. Qc2 h6 18. Rcd1 Rad8 19. Qc1 Ne5 20. Bf4 Nxf3+ 21. Nxf3 Qb6 22. Be3 Qc7 23. Bf4 Qa5 24. Bb1 Ba4 25. b3 Bc6 26. c4 d4 27. Bxe4 Bxe4 28. Nd2 Bc6 29. a3 Qf5 30. Bg3 h5 31. Qb1 d3 32. Nf1 h4 33. Bh2 Qg5 34. g4 hxg3 35.
Bxg3 Rxe1 36. Rxe1 Qf5 37. Qd1 Qxh3 38. f3 Bd4+ 39. Bf2 Bxf3 0-1

[Event "*** SCC Grand Prix: Titled Tuesday Blitz"]
[Site "Chess.com"]
[Date "2020.07.07"]
[Round "3"]
[White "francyIM"]
[Black "bazar-wokzal"]
[Result "1-0"]
[WhiteElo "2609"]
[BlackElo "2408"]
[TimeControl "180+1"]
[EndTime "10:28:13 PDT"]
[Termination "francyIM won by resignation"]

1. d4 Nf6 2. c4 Nc6 3. Nf3 e6 4. Nc3 Bb4 5. g3 Bxc3+ 6. bxc3 O-O 7. Qd3 b6 8. Bg2 Ba6 9. Nd2 Rc8 10. e4 Na5 11. e5 Ne8 12. Ba3 d6 13. exd6 cxd6 14. Bb4 Nxc4 15. a4 Rc7 16. a5 Bb5 17. axb6 axb6 18. O-O Nxd2 19. Qxb5 Nxf1 20. Kxf1 Qd7 21. Qxb6 f5 22. Ra8 f4 23. Kg1 f3 24. Bh3 Rb7 25.
Qa5 Qf7 26. Qa2 Qg6 27. Qxe6+ Qxe6 28. Bxe6+ Kh8 29. h4 Re7 30. d5 g5 31. Bxd6 Nxd6 32.
Rxf8+ Kg7 33. Rg8+ Kf6 34. hxg5+ Ke5 35. Rf8 Ne4 36.
Rxf3 Ra7 37. Re3 1-0

[Event "*** SCC Grand Prix: Titled Tuesday Blitz"]
[Site "Chess.com"]
[Date "2020.07.07"]
[Round "3"]
[White "canary2016"]
[Black "VladimirBugayev"]
[Result "0-1"]
[WhiteElo "1910"]
[BlackElo "2251"]
[TimeControl "180+1"]
[EndTime "10:28:13 PDT"]
[Termination "VladimirBugayev won by checkmate"]

1. d4 d5 2. Bf4 c5 3. e3 cxd4 4.
exd4 Nc6 5. c3 a6 6. Nd2 Nf6 7. Ngf3 Bg4 8. h3 Bxf3 9. Nxf3 e6 10. Bd3 Bd6 11. Bxd6 Qxd6 12. Qe2 O-O 13. O-O h6 14.
Rfe1 b5 15. Rac1 Nd7 16. b3 Rfc8 17. c4 bxc4 18. bxc4 dxc4 19. Bxc4 a5 20. d5 exd5 21. Bb5 Nf6 22. Qd3 Nb4 23. Qd2 Rxc1 24. Rxc1 Rd8 25. a3 Na6 26. Qxa5 Nc5 27. Qc3 Nce4 28. Qd3 Qb6 29. Qe2 Nxf2 30. Qxf2 Qxb5 31. Rd1 Qb3 32. Ra1 Qc3 33. Qa2 d4 34. a4 d3 35. Rd1 Qc5+ 36.
Kh1 Ne4 37. Nd2 Nf2+ 38. Kh2 Nxd1 39. a5 Qe5+ 40. Kg1 Qe1+ 41. Kh2 Ne3 42. a6 Qxd2 43. Qxd2 Nf1+ 44. Kg1 Nxd2 45. a7 Nc4 46. Kf2 d2 47.
a8=Q Rxa8 48. Ke2 Ra1 49. g3 d1=Q+ 50. Kf2 Ra2# 0-1

[Event "*** SCC Grand Prix: Titled Tuesday Blitz"]
[Site "Chess.com"]
[Date "2020.07.07"]
[Round "3"]
[White "MiroVlasenko"]
[Black "VincentKeymer"]
[Result "0-1"]
[WhiteElo "2634"]
[BlackElo "2879"]
[TimeControl "180+1"]
[EndTime "10:28:14 PDT"]
[Termination "VincentKeymer won by resignation"]

1. d4 Nf6 2. Bg5 d5 3. e3 c5 4.
Bxf6 gxf6 5. c3 e6 6. Nd2 Nc6 7. Ngf3 Bd7 8. Be2 Qc7 9. O-O O-O-O 10. Rc1 cxd4 11. cxd4 Kb8 12. Nb3 Qb6 13. Nc5 Bd6 14. a3 Bxc5 15. Rxc5 Qxb2 16. Qd3 Qb6 17. Rb1 Qc7 18.
a4 e5 19. Qc3 Rc8 20. a5 Ka8 21. Kf1 exd4 22. exd4 Rhe8 23. Bd3 Bg4 24. Rcb5 Bxf3 25. gxf3 Qxh2 0-1